Map: [ESL] Data-C

Players

Elazer - Winner!

  • Race: Zerg Zerg
  • Spawn Location: 9:00

MaxPax

  • Race: Protoss Protoss
  • Spawn Location: 3:00

Event: DreamHack SC2 Masters 2022 Atlanta (Online)

VOD

Have the link to the VOD?

Description

Time

  • Played on: Oct. 13, 2022, 10:41 a.m.
  • Length: 12:48

All games in this series

Show
View Real Time Build Order
Export as new Build Order

Elazer Zerg - Winner!

Build Orders: Hatch First 

Get SALT Encoding   

  12  0:00  Drone  
  13  0:12  Overlord  
  13  0:17  Drone  
  14  0:30  Drone x2  
  16  0:48  Hatchery  
  15  0:51  Drone  
  15  0:55  Drone  
  17  0:59  Drone  
  18  1:10  Extractor  
  17  1:15  Spawning Pool  
  17  1:17  Drone  
  17  1:20  Drone  
  18  1:28  Drone  
  19  1:38  Drone  
  20  1:49  Drone  
  21  2:01  Queen x2  
  21  2:02  Overlord  
  21  2:03  Zergling x2  
  26  2:12  Drone x2  
  26  2:13  Metabolic Boost  
  28  2:21  Drone x2  
  30  2:35  Hatchery  
  29  2:41  Queen  
  29  2:44  Drone  
  32  2:48  Overlord  
  32  2:51  Drone  
  33  2:54  Drone  
  33  2:55  Drone  
  33  2:57  Drone  
  36  3:09  Queen  
  36  3:11  Drone x3  
  41  3:19  Queen  
  42  3:21  Drone  
  42  3:23  Overlord  
  42  3:25  Drone  
  44  3:28  Spore Crawler  
  44  3:31  Drone  
  44  3:42  Drone x4  
  44  3:47  Queen  
  44  3:48  Drone x4  
  54  3:52  Zergling x6  
  57  4:02  Drone  
  58  4:03  Overlord  
  58  4:07  Overlord  
  58  4:15  Overlord  
  58  4:20  Queen  
  60  4:24  Queen  
  60  4:25  Drone x8  
  60  4:27  Overlord  
  60  4:28  Drone x2  
  60  4:30  Drone  
  73  4:34  Drone x4  
  77  4:42  Drone x2  
  78  4:47  Drone x2  
  78  4:51  Extractor  
  78  4:53  Roach Warren  
  78  4:57  Zergling x4  
  78  4:58  Zergling x2, Hatchery  
  79  5:00  Drone x2  
  79  5:03  Drone x3  
  79  5:07  Drone x3  
  87  5:12  Lair, Extractor x2  
  87  5:13  Evolution Chamber  
  84  5:17  Overlord  
  84  5:18  Overlord  
  84  5:21  Zergling x2  
  84  5:22  Zergling x8  
  89  5:31  Zergling x2  
  90  5:38  Hatchery  
  90  5:41  Zergling x16  
  90  5:42  Zerg Melee Weapons Level 1  
  97  5:45  Overlord  
  97  5:49  Overlord  
  97  5:52  Drone  
  98  5:57  Overlord  
  98  6:02  Zergling x14  
  105  6:06  Overlord  
  105  6:12  Overlord  
  105  6:15  Drone  
  105  6:16  Drone x4  
  110  6:24  Drone x6  
  110  6:25  Glial Reconstitution  
  115  6:29  Baneling Nest  
  115  6:32  Zergling x10  
  113  6:43  Zergling x12  
  111  6:51  Zergling x12  
  117  6:57  Overseer  
  117  6:59  Zergling x10  
  122  7:02  Roach x6  
  122  7:07  Roach  
  136  7:11  Roach x3  
  136  7:15  Baneling x9  
  142  7:21  Roach x2  
  142  7:22  Roach x9  
  143  7:30  Queen x3  
  143  7:32  Zergling x20  
  126  7:37  Zergling x6  
  126  7:39  Zergling x2  
  126  7:40  Queen x2  
  126  7:43  Zergling x2  
  119  7:52  Zergling x24  
  119  7:55  Ravager  
  119  7:56  Zergling x2  
  119  7:57  Zergling x2  
  133  8:04  Zergling x12  
  138  8:05  Zerg Melee Weapons Level 2  
  137  8:14  Centrifugal Hooks  
  137  8:18  Roach x10  
  140  8:21  Roach  
  140  8:22  Roach  
  140  8:23  Ravager  
  143  8:31  Roach x5  
  152  8:35  Zergling x4  
  151  8:45  Zergling x20  
  157  8:51  Overlord x2  
  157  8:57  Baneling x9  
  157  9:04  Baneling x3  
  157  9:05  Overlord x5  
  157  9:12  Baneling x3  
  156  9:25  Zergling x2, Ravager  
  156  9:26  Zergling x30  
  158  9:38  Roach  
  158  9:39  Roach x8  
  158  9:45  Roach x3  
  153  9:47  Zergling x20  
  157  9:58  Roach x4  
  159  10:03  Roach x2  
  157  10:09  Baneling x3  
  157  10:11  Baneling x2  
  157  10:12  Zergling x8  
  161  10:17  Zergling x2  
  161  10:18  Zergling x30  
  177  10:21  Drone x3  
  177  10:24  Extractor  
  177  10:28  Drone x2  
  181  10:30  Drone  
  181  10:32  Zerg Missile Weapons Level 1  
  181  10:34  Zergling x2  
  181  10:35  Zergling x4  
  183  10:37  Baneling x5  
  182  10:47  Queen x4  
  189  10:50  Overlord  
  189  10:51  Zergling x2  
  189  10:53  Baneling x10  
  190  11:00  Queen  
  189  11:05  Spine Crawler  
  189  11:06  Spine Crawler  
  189  11:07  Spine Crawler  
  184  11:11  Hatchery  
  184  11:14  Zergling x34  
  170  11:28  Roach x10  
  179  11:37  Zergling x22  
  143  11:47  Roach x3  
  143  11:48  Roach x2  
  151  12:01  Zergling x16  
  158  12:06  Baneling x12  
  155  12:16  Zergling x12  
  160  12:25  Roach x10  
  176  12:43  Ravager  
Show
View Real Time Build Order
Export as new Build Order

MaxPax Protoss 

Build Orders: 1 Gate Expand, Oracle Opening 

Get SALT Encoding   

  12  0:00  Probe  
  13  0:12  Probe  
  14  0:19  Pylon  
  14  0:24  Probe  
  15  0:37  Probe (Chrono Boost)  
  15  0:39  Gateway  
  16  0:47  Probe (Chrono Boost), Assimilator  
  17  0:52  Probe (Chrono Boost)  
  18  1:04  Probe  
  19  1:16  Probe  
  20  1:23  Nexus  
  20  1:34  Cybernetics Core  
  20  1:36  Probe  
  21  1:43  Assimilator  
  21  1:49  Probe  
  21  1:52  Pylon  
  22  2:01  Probe (Chrono Boost)  
  23  2:09  Adept (Chrono Boost)  
  23  2:13  Probe (Chrono Boost)  
  26  2:20  Probe (Chrono Boost)  
  26  2:22  Stargate  
  27  2:29  Probe (Chrono Boost)  
  28  2:30  Stalker  
  28  2:35  Probe (Chrono Boost)  
  31  2:40  Warp Gate  
  33  2:44  Probe (Chrono Boost)  
  33  2:45  Probe (Chrono Boost)  
  33  2:50  Probe (Chrono Boost)  
  33  2:51  Probe  
  35  3:01  Probe  
  35  3:03  Probe  
  35  3:05  Pylon  
  37  3:09  Oracle (Chrono Boost)  
  40  3:14  Probe  
  40  3:15  Probe  
  42  3:24  Gateway  
  42  3:26  Probe  
  43  3:28  Probe  
  44  3:36  Oracle (Chrono Boost)  
  44  3:38  Probe  
  44  3:40  Probe  
  49  3:43  Nexus  
  49  3:46  Pylon  
  49  3:50  Probe  
  49  3:55  Probe  
  51  3:58  Assimilator  
  51  4:02  Probe  
  52  4:04  Gateway  
  52  4:06  Oracle  
  52  4:09  Probe  
  56  4:17  Probe  
  56  4:22  Twilight Council  
  56  4:23  Forge  
  57  4:24  Probe  
  57  4:29  Probe  
  59  4:31  Pylon  
  59  4:33  Stalker  
  59  4:36  Probe  
  59  4:37  Shield Battery  
  62  4:49  Probe (Chrono Boost)  
  62  4:51  Stalker  
  62  4:52  Probe (Chrono Boost)  
  66  4:55  Probe (Chrono Boost)  
  68  5:00  Gateway  
  68  5:01  Probe (Chrono Boost)  
  68  5:02  Gateway  
  68  5:04  Protoss Ground Weapons Level 1 (Chrono Boost)  
  68  5:05  Gateway, Probe x2 (Chrono Boost)  
  68  5:06  Charge  
  70  5:07  Probe (Chrono Boost)  
  70  5:10  Probe (Chrono Boost)  
  70  5:13  Probe  
  73  5:15  Sentry, Probe  
  73  5:20  Gateway  
  76  5:22  Probe  
  76  5:25  Probe  
  76  5:27  Probe  
  79  5:30  Gateway x2  
  79  5:32  Zealot  
  81  5:36  Stalker  
  81  5:40  Probe  
  81  5:41  Probe  
  85  5:47  Pylon x2  
  85  5:55  Nexus  
  85  5:57  Pylon  
  85  5:59  Pylon  
  85  6:05  Stalker  
  85  6:06  Zealot x4  
  85  6:08  Zealot  
  97  6:15  Probe x2  
  97  6:26  Pylon  
  97  6:27  Stalker x2  
  97  6:29  Zealot x4  
  97  6:30  Pylon  
  109  6:32  Pylon  
  109  6:33  Pylon  
  108  6:52  Zealot x9, Pylon  
  126  6:59  Probe x2  
  128  7:05  Protoss Ground Weapons Level 2 (Chrono Boost)  
  128  7:11  Nexus  
  128  7:17  Zealot x5  
  137  7:24  Zealot x4  
  118  7:38  Pylon  
  118  7:40  Zealot x5  
  118  7:42  Probe  
  117  7:44  Oracle (Chrono Boost)  
  117  7:48  Probe  
  117  7:49  Probe  
  117  7:51  Pylon  
  108  7:55  Probe  
  101  8:03  Zealot x9  
  114  8:07  Blink (Chrono Boost)  
  114  8:11  Templar Archives  
  110  8:13  Pylon  
  103  8:24  Zealot x3  
  103  8:25  Zealot x2, Sentry x2  
  103  8:26  Zealot, Oracle (Chrono Boost)  
  110  8:32  Probe  
  110  8:33  Probe  
  113  8:37  Shield Battery  
  113  8:41  Probe  
  114  8:46  Stalker x3  
  114  8:47  Assimilator  
  120  8:50  Probe  
  123  9:04  Void Ray (Chrono Boost), Pylon  
  123  9:05  Zealot x4, High Templar x2  
  123  9:09  Archon  
  131  9:26  Shield Battery  
  131  9:29  Zealot x3  
  131  9:30  Zealot x4  
  133  9:39  Zealot x2  
  120  9:47  Protoss Ground Weapons Level 3 (Chrono Boost)  
  120  9:51  Zealot x6  
  134  9:53  Void Ray (Chrono Boost)  
  134  10:00  Probe x3, Assimilator  
  134  10:01  Assimilator  
  134  10:02  Assimilator  
  134  10:04  Probe  
  136  10:07  Photon Cannon  
  136  10:12  Probe x2  
  138  10:14  Probe  
  138  10:17  Probe  
  140  10:22  High Templar x2  
  140  10:24  Probe  
  140  10:25  Pylon  
  140  10:26  Archon  
  145  10:31  Stalker  
  145  10:32  Stalker x5  
  145  10:34  Nexus  
  150  10:36  Pylon  
  148  10:53  High Templar  
  148  10:54  High Templar  
  148  10:55  Probe  
  151  10:59  Archon  
  151  11:01  Zealot x6  
  151  11:02  Zealot  
  151  11:03  Photon Cannon, Psionic Storm  
  165  11:04  Shield Battery  
  143  11:29  Nexus  
  143  11:31  Zealot x9  
  124  11:46  Probe  
  105  11:49  Probe  
  105  11:54  Photon Cannon, High Templar x6  
  108  11:58  Zealot x3  
  108  12:01  Archon x3  
  124  12:05  Photon Cannon  
  124  12:10  Probe  
  124  12:15  Probe x3  
  128  12:17  Gateway  
  128  12:18  Shield Battery  
  128  12:19  Gateway  
  126  12:32  Stalker  
  126  12:34  Stalker x6  
Tags
 
Add a new tag
Caveats
  • Supply blocks, unpowered buildings, or Contaminate may cause inaccurate times.
  • Supply counts are checked every 10 seconds.